 Dungeon Crawl Stone Soup version 0.20-a0-751-g905781e (webtiles) character file.

172802 Laan the Impaler (level 17, 0/171 HPs)
             Began as a Gargoyle Fighter on Feb 25, 2017.
             Was the Champion of the Shining One.
             Slain by a tarantella (8 damage)
             ... on level 1 of the Spider Nest.
             The game lasted 01:05:07 (26334 turns).

Laan the Impaler (Gargoyle Fighter)                Turns: 26334, Time: 01:05:08

Health: 0/171      AC: 28    Str: 29      XL:     17   Next: 75%
Magic:  0/22       EV:  2    Int: 11      God:    the Shining One [******]
Gold:   1556       SH: 21    Dex:  8 (9)  Spells: 16/16 levels left

rFire    + . .     SeeInvis .   X - +5 trishula (holy)
rCold    . . .     Gourm    .   (armour currently unavailable)
rNeg     + + +     Faith    .   S - +0 large shield
rPois    ∞         Spirit   +   (helmet currently unavailable)
rElec    .         Reflect  .   (cloak currently unavailable)
rCorr    .         Harm     .   (gloves currently unavailable)
MR       +....     NoTele   +   (boots currently unavailable)
Stlth    +.........             r - amulet of guardian spirit
Regen    0.4/turn               H - +4 ring of strength
MPRegen  0.2/turn               E - ring of protection from fire

@: tree-form, glowing
A: (big wings), negative energy resistance 1, (electricity resistance),
(unbreathing), petrification resistance, rot immunity, AC +12
}: 1/15 runes: decaying
a: Divine Shield, Cleansing Flame, Summon Divine Warrior, Renounce Religion


You were on level 1 of the Spider Nest.
You worshipped the Shining One.
The Shining One was exalted by your worship.
You were not hungry.
You were a tree.
You visited 5 branches of the dungeon, and saw 27 of its levels.
You also visited: Sewer.

You collected 2163 gold pieces.
You spent 607 gold pieces at shops.

Inventory:

Hand Weapons
 X - a +5 trishula of holy wrath (weapon)
Missiles
 l - 7 javelins (quivered)
Armour
 d - a +0 cloak (melded)
 i - a +1 pair of gloves (melded)
 m - a +3 ring mail (melded)
 O - a +2 hat (melded)
 S - a +0 large shield (worn)
Jewellery
 r - an amulet of guardian spirit (around neck)
 E - a ring of protection from fire (left branch)
 H - a +4 ring of strength (right branch)
 R - an uncursed ring of resist corrosion
 W - a +3 ring of strength
Wands
 n - a wand of flame (7/48)
 w - a wand of iceblast (11/15)
 x - a wand of iceblast (9/15)
 C - a wand of lightning (10/15)
 Q - a wand of digging (3/24)
Scrolls
 a - a scroll of amnesia
 b - 2 scrolls of fog
 c - a scroll of blinking
 e - 3 scrolls of identify
 g - 16 scrolls of remove curse
 h - 5 scrolls of enchant armour
 o - 14 scrolls of teleportation
 p - 5 scrolls of fear
 s - a scroll of recharging
 B - a scroll of magic mapping
 P - a scroll of summoning
 T - a scroll of holy word
Potions
 j - a potion of berserk rage
 k - 5 potions of haste
 q - 7 potions of curing
 t - a potion of lignification
 u - a potion of magic {unknown}
 D - a potion of resistance
 F - 3 potions of ambrosia
 G - 3 potions of brilliance
 I - 3 potions of heal wounds
 M - a potion of cancellation {unknown}
 N - 7 potions of agility {unknown}
Books
 y - a book of Necromancy

   Spells                             Type                      Level
   a - Pain                           Necromancy                   1
   b - Animate Skeleton               Necromancy                   1
   c - Vampiric Draining              Necromancy                   3
   d - Regeneration                   Charms/Necromancy            3
   e - Animate Dead                   Necromancy                   4
   f - Control Undead                 Necromancy                   4
   The Shining One disapproves of the use of such an item.
Comestibles
 f - 14 bread rations
 v - 10 meat rations
 z - 19 royal jellies
 A - 4 fruits
 J - a chunk of flesh


   Skills:
 + Level 15.6 Fighting
 - Level 16.1 Polearms
 + Level 15.5 Armour
 + Level 15.6 Shields
 + Level 7.7 Invocations


You had 16 spell levels left.
You didn't know any spells.

Dungeon Overview and Level Annotations

Branches:
Dungeon (15/15)            Temple (1/1) D:7            Lair (6/6) D:11
  Swamp (4/4) Lair:3       Spider (1/4) Lair:4        Slime (0/5) Lair:6
    Orc (0/2) D:11         Vaults (0/5) D:14         Depths (0/5) D:15

Altars:
Ashenzari
Cheibriados
Dithmenos
Elyvilon
Fedhas
Hepliaklqana
Kikubaaqudgha
Okawaru
Ru
Sif Muna
Uskayaw
Yredelemnul
Zin
The Shining One

Shops:
D:4 %   D:5 !   D:9 *   D:13 !(

Portals:
Trove: D:13 (give Almanac of Burning Summoning)

Annotations:
Lair:4 exclusion: 4 oklob plants


Innate Abilities, Weirdness & Mutations

You are resistant to torment.
((Your stone body is resilient. (AC +12)))
You are immune to poison.
((Your large and strong wings let you fly indefinitely.))
You resist negative energy. (rN+)
((You are resistant to electric shocks. (rElec)))
((You can survive without breathing.))
You are immune to petrification.
You are immune to rotting.


Message History

* * * LOW HITPOINT WARNING * * *
The tarantella bites you.
* * * LOW HITPOINT WARNING * * *
You are confused.
The tarantella bites you!
* * * LOW HITPOINT WARNING * * *
The ghost moth hits you.
* * * LOW HITPOINT WARNING * * *
The ghost moth hits you but does no damage.
The ghost moth stings you but does no damage.
The redback bites you!
* * * LOW HITPOINT WARNING * * *
The tarantella bites you but does no damage.
You feel better. You block the tarantella's attack.
The tarantella bites you but does no damage.
The wolf spider hits you!
* * * LOW HITPOINT WARNING * * *
You block the wolf spider's attack. You block the redback's attack.
The tarantella bites you!
You die...

......... ##.< .........
##... .........###
##.... ......#
#..######.†...
#.....###...#..#†.^... #
#.............^#....
.##.# #.................
......#.y.....#.........
......s♣s..........#....
...?#.sss.............##
. ##...#.............#
(...........#.......
..#..s...........#...
...###.$..............#
... ##..........!.. .#
#. ##.......


You could see a ghost moth (invisible), a wolf spider, 4 tarantellas and a
redback.

Vanquished Creatures
  the Lernaean hydra (Swamp:4)
  Jorgrun (Swamp:4)
  Gastronok (D:8)
  2 thorn hunters
  Kirke (Swamp:2)
  A fire giant (D:15)
  An entropy weaver (Spider:1)
  2 fire dragons
  Erolcha (D:8)
  2 centaur warriors
  A vault guard (D:14)
  29 hydras
  2 ghost crabs
  14 alligators
  A death knight (D:11)
  3 two-headed ogres
  4 death yaks (Lair:4)
  2 tengu warriors (D:15)
  A fire crab (shapeshifter) (D:13)
  An unseen horror (D:14)
  11 swamp dragons
  2 shambling mangroves
  2 spriggan druids (Swamp:3)
  3 wizards (D:14)
  2 lindwurms (Lair:4)
  An orc knight (D:15)
  An orb spider (Lair:4)
  3 wolf spiders
  2 cyclopes
  10 ugly things
  A deep elf mage (D:13)
  A manticore (D:11)
  An elephant (Lair:4)
  2 centaur zombies (D:14)
  The ghost of M4edhros the Martial Artist, a novice OpNe (D:7)
  14 black mambas
  A guardian serpent (Lair:6)
  A torpor snail (Lair:5)
  Psyche (D:9)
  2 gargoyles
  25 spiny frogs
  5 centaur skeletons
  8 komodo dragons
  3 efreet
  3 rime drakes
  3 demonic crawlers (Spider:1)
  A jumping spider (Spider:1)
  6 meliai
  A tengu conjurer (D:15)
  A queen bee (Lair:4)
  5 trolls
  A wolf spider simulacrum (D:15)
  28 blink frogs
  A polar bear (Lair:1)
  8 hornets
  9 tyrant leeches
  25 slime creatures
  Grinder (D:6)
  4 bog bodies
  12 hippogriffs
  11 redbacks
  A hippogriff (shapeshifter) (D:14)
  Sigmund (D:2)
  2 tarantellas (Spider:1)
  3 vampires
  2 spriggans
  A water elemental (D:14)
  A wraith (D:15)
  12 wyverns
  3 hogs (Swamp:2)
  18 humans (D:14)
  3 steam dragons
  68 yaks
  6 basilisks
  3 hungry ghosts
  2 wargs (D:11)
  27 vampire mosquitoes
  Menkaure (D:7)
  22 swamp worms
  9 insubstantial wisps
  Duvessa (D:7)
  2 acid dragons (Lair:6)
  26 water moccasins
  5 porcupines
  2 black bears
  An ice beast (shapeshifter) (D:15)
  6 ice beasts
  17 orc warriors
  3 sky beasts
  25 swamp drakes
  3 necrophages
  8 ogres
  2 phantoms
  2 wolves (Lair:4)
  3 boggarts (D:13)
  8 centaurs
  17 crocodiles
  The ghost of M4edhros the Sneak, an amateur OpAr (D:4)
  4 big kobolds
  22 bullfrogs
  3 gnoll sergeants (D:11)
  5 scorpions
  A water moccasin skeleton (D:5)
  Dowan (D:7)
  A wyvern skeleton (D:10)
  44 killer bees
  14 wights
  2 howler monkeys
  4 electric eels
  5 crimson imps
  The ghost of M4edhros the Grave Robber, a weakling OpNe (D:3)
  4 jellies
  A bullfrog zombie (D:8)
  Crazy Yiuf (D:2)
  7 hounds
  A quasit (D:9)
  6 orc priests
  A bullfrog skeleton (D:7)
  A gnoll shaman (D:10)
  21 orc wizards
  Ijyb (D:2)
  9 iguanas
  6 worker ants
  A hound zombie (D:5)
  A hound skeleton (D:6)
  A mummy (D:6)
  Robin (D:3)
  A worker ant zombie (D:9)
  9 gnolls
  14 adders
  9 river rats
  7 shadow imps
  5 oozes
  An adder zombie (D:6)
  3 adder skeletons
  11 dart slugs
  6 leopard geckos
  58 orcs
  2 bat zombies (D:2)
  4 giant cockroaches
  13 goblins
  6 hobgoblins (D:3)
  20 jackals
  11 quokkas
  3 ball pythons
  8 bats
  5 frilled lizards
  11 kobolds
  A leopard gecko skeleton (D:4)
  A leopard gecko zombie (D:8)
  22 rats
  2 rat zombies (D:2)
  A butterfly (D:7)
  A plant (Lair:6)
1016 creatures vanquished.

Vanquished Creatures (others)
  A spriggan druid (Swamp:4)
  A wyvern (D:13)
  A hog (Swamp:2)
  2 yaks (Lair:6)
  A basilisk (Lair:6)
  2 briar patches (Swamp:4)
  14 fungi
  25 plants
47 creatures vanquished.

Grand Total: 1063 creatures vanquished

Notes
Turn   | Place    | Note
-------+----------+-------------------------------------------
     0 | D:1      | Laan the Gargoyle Fighter began the quest for the Orb.
     0 | D:1      | Reached XP level 1. HP: 14/14 MP: 1/1
   165 | D:1      | Reached skill level 2 in Polearms
   272 | D:1      | Reached XP level 2. HP: 19/19 MP: 2/2
   661 | D:2      | Noticed Ijyb
   669 | D:2      | Killed Ijyb
   669 | D:2      | Reached XP level 3. HP: 23/23 MP: 3/3
   744 | D:2      | Found an iron altar of Okawaru.
   847 | D:2      | Reached XP level 4. HP: 29/29 MP: 4/4
   863 | D:2      | Found an ancient bone altar of Kikubaaqudgha.
   927 | D:2      | Reached skill level 3 in Polearms
  1097 | D:2      | Noticed Sigmund
  1132 | D:2      | Killed Sigmund
  1132 | D:2      | Reached XP level 5. HP: 4/33 MP: 5/5
  1132 | D:2      | Reached XP level 6. HP: 5/38 MP: 6/6
  1313 | D:2      | Found a runed door.
  1410 | D:2      | Noticed Crazy Yiuf
  1421 | D:2      | Killed Crazy Yiuf
  1724 | D:3      | Reached skill level 4 in Polearms
  1763 | D:3      | Noticed Robin
  1825 | D:3      | Killed Robin
  2039 | D:3      | Noticed M4edhros's ghost (weakling OpNe)
  2049 | D:3      | Killed M4edhros's ghost
  2151 | D:3      | Reached XP level 7. HP: 32/44 MP: 7/7
  2744 | D:4      | Reached skill level 5 in Armour
  2830 | D:4      | Noticed M4edhros's ghost (amateur OpAr)
  2979 | D:4      | Reached skill level 5 in Fighting
  3018 | D:4      | Killed M4edhros's ghost
  3018 | D:4      | Reached skill level 5 in Polearms
  3018 | D:4      | Reached skill level 5 in Shields
  3272 | D:4      | Reached XP level 8. HP: 48/49 MP: 8/8
  3555 | D:4      | Found Cetou's Food Shop.
  3644 | D:5      | Entered Level 5 of the Dungeon
  3673 | D:5      | Found Eraug's Distillery.
  3681 | D:5      | Bought a potion of heal wounds for 55 gold pieces
  3681 | D:5      | Bought a potion of degeneration for 11 gold pieces
  3681 | D:5      | Bought a potion of curing for 33 gold pieces
  4031 | D:5      | Reached skill level 6 in Polearms
  4447 | D:6      | Noticed Grinder
  4504 | D:6      | Paralysed by Grinder for 6 turns
  4511 | D:6      | Killed Grinder
  4511 | D:6      | Reached skill level 7 in Polearms
  4511 | D:6      | Reached XP level 9. HP: 31/56 MP: 6/9
  5021 | D:6      | Found a glowing drain.
  5030 | Sewer    | Entered a sewer
  5132 | Sewer    | Found a white marble altar of Elyvilon.
  5245 | D:6      | Found a snail-covered altar of Cheibriados.
  5408 | D:7      | Found a staircase to the Ecumenical Temple.
  5420 | Temple   | Entered the Ecumenical Temple
  5449 | Temple   | Became a worshipper of the Shining One
  5546 | D:7      | Noticed M4edhros's ghost (novice OpNe)
  5590 | D:7      | Killed M4edhros's ghost
  5590 | D:7      | Reached skill level 8 in Polearms
  5695 | D:7      | Noticed Duvessa
  5695 | D:7      | Noticed Dowan
  5710 | D:7      | Killed Dowan
  5717 | D:7      | Killed Duvessa
  5717 | D:7      | Reached XP level 10. HP: 49/63 MP: 10/10
  5782 | D:7      | Found a faded altar of an unknown god.
  5782 | D:7      | Found a deep blue altar of Sif Muna.
  5787 | D:7      | Found a faded altar of an unknown god.
  5789 | D:7      | Found a glowing silver altar of Zin.
  5789 | D:7      | Noticed Menkaure
  5790 | D:7      | Found a blossoming altar of Fedhas.
  5798 | D:7      | Killed Menkaure
  5980 | D:8      | Noticed Gastronok
  6011 | D:8      | Killed Gastronok
  6011 | D:8      | Reached skill level 9 in Polearms
  6171 | D:8      | Reached * piety under the Shining One
  6916 | D:9      | Noticed Erolcha
  6929 | D:9      | Paralysed by Erolcha for 3 turns
  6991 | D:8      | Killed Erolcha
  6991 | D:8      | Reached skill level 10 in Polearms
  6991 | D:8      | Reached XP level 11. HP: 59/69 MP: 8/11
  7095 | D:9      | Noticed Psyche
  7105 | D:9      | Killed Psyche
  7229 | D:9      | Reached ** piety under the Shining One
  7417 | D:9      | Found Ahiet's General Store.
  7477 | D:9      | Bought a +0 large shield for 63 gold pieces
  7477 | D:9      | Bought a scroll of enchant armour for 105 gold pieces
  7477 | D:9      | Bought a scroll of brand weapon for 280 gold pieces
  7669 | D:10     | Entered Level 10 of the Dungeon
  8050 | D:10     | Noticed a two-headed ogre
  8062 | D:10     | Killed a two-headed ogre
  8610 | D:11     | Noticed a white ugly thing
  8610 | D:11     | Reached *** piety under the Shining One
  8622 | D:11     | Killed a white ugly thing
  8630 | D:11     | Reached skill level 11 in Polearms
  8722 | D:11     | Reached skill level 10 in Fighting
  8823 | D:11     | Found a staircase to the Lair.
  8844 | D:11     | Reached XP level 12. HP: 77/77 MP: 12/12
  8907 | D:11     | Reached skill level 10 in Shields
  9272 | D:11     | Noticed a death knight
  9287 | D:11     | Killed a death knight
  9287 | D:11     | Reached skill level 10 in Armour
  9404 | D:11     | Found a staircase to the Orcish Mines.
  9640 | Lair:1   | Entered Level 1 of the Lair of Beasts
  9732 | Lair:1   | Reached **** piety under the Shining One
 10010 | Lair:1   | Reached skill level 12 in Polearms
 10032 | Lair:1   | Noticed a seven-headed hydra
 10040 | Lair:1   | Killed a seven-headed hydra
 10635 | Lair:2   | Noticed a seven-headed hydra
 10643 | Lair:2   | Killed a seven-headed hydra
 10665 | Lair:2   | Reached XP level 13. HP: 62/84 MP: 11/13
 11531 | Lair:3   | Reached skill level 13 in Polearms
 12074 | Lair:3   | Found a staircase to the Swamp.
 12353 | Lair:4   | Found a hole to the Spider Nest.
 12909 | Lair:4   | Gained mutation: Your large and strong wings let you fly indefinitely. [Gargoyle growth]
 12909 | Lair:4   | Reached XP level 14. HP: 27/92 MP: 6/14
 13403 | Lair:4   | Reached ***** piety under the Shining One
 13430 | Lair:4   | Reached skill level 14 in Polearms
 14724 | Lair:6   | Entered Level 6 of the Lair of Beasts
 15693 | Lair:6   | Reached XP level 15. HP: 98/98 MP: 15/15
 15772 | Lair:6   | Found a staircase to the Slime Pits.
 15899 | Lair:6   | Reached skill level 15 in Polearms
 16029 | Lair:6   | Got a twisted ring mail
 16047 | Lair:6   | Identified the cursed +1 ring mail of the Spider Nest {+Inv MR+ rCorr} (You found it on level 6 of the Lair of Beasts)
 16910 | D:12     | Got a sapphire spear
 16911 | D:12     | Identified the +1 spear "Newtslayer" {drain, rPois rC+ rN+ Str+4} (You found it on level 12 of the Dungeon)
 17597 | D:13     | Found Gaffa's Distillery.
 17607 | D:13     | Bought a potion of heal wounds for 60 gold pieces
 17689 | D:13     | Found Vucvubli's Antique Weapon Shoppe.
 18015 | D:13     | Found a portal to a secret trove of treasure.
 18157 | D:13     | Found a shattered altar of Ashenzari.
 18207 | D:13     | Reached ****** piety under the Shining One
 18410 | D:14     | Identified a glowing trishula {god gift} (a glowing demon trident blessed by the Shining One)
 18410 | D:14     | Received a gift from the Shining One
 18690 | D:14     | Found a gate to the Vaults.
 19609 | D:15     | Entered Level 15 of the Dungeon
 19766 | D:15     | Found a white marble altar of Elyvilon.
 19851 | D:15     | Noticed a fire giant
 19868 | D:15     | Reached XP level 16. HP: 85/105 MP: 14/16
 20196 | D:15     | Reached skill level 16 in Polearms
 20307 | D:15     | Found a staircase to the Depths.
 20949 | Swamp:1  | Entered Level 1 of the Swamp
 21091 | Swamp:1  | Reached skill level 1 in Invocations
 22923 | Swamp:2  | Noticed Kirke
 22939 | Swamp:2  | Killed Kirke
 23606 | Swamp:3  | Noticed a thorn hunter
 23628 | Swamp:3  | Killed a thorn hunter
 23872 | Swamp:3  | Reached skill level 5 in Invocations
 24303 | Swamp:4  | Entered Level 4 of the Swamp
 24317 | Swamp:4  | Reached XP level 17. HP: 112/112 MP: 19/21
 24323 | Swamp:4  | Noticed Jorgrun
 24336 | Swamp:4  | Killed Jorgrun
 24336 | Swamp:4  | Reached skill level 15 in Fighting
 24403 | Swamp:4  | Reached skill level 15 in Shields
 24449 | Swamp:4  | Reached skill level 15 in Armour
 25407 | Swamp:4  | Noticed the 27-headed Lernaean hydra
 25418 | Swamp:4  | Killed the 27-headed Lernaean hydra
 25995 | Swamp:4  | Got a decaying rune of Zot
 26239 | Spider:1 | Entered Level 1 of the Spider Nest
 26334 | Spider:1 | HP: 8/171 [wolf spider (10)]
 26334 | Spider:1 | Slain by a tarantella

Vault maps used:
D:1:      lightli_iron_boxes
D:2:      lemuel_zombie_altar_kikubaaqudgha, okawaru_trees_2,
          uniq_crazy_yiuf_cottage, uniq_iyjb, uniq_sigmund
D:3:      kennysheep_slugbush, first_bread, hex_medium, uniq_robin
D:4:      serial_shops, kennysheep_mini_moat, minmay_surrounded
D:5:      lemuel_ratsnest, minmay_shop_grid_forest
D:6:      slow_altar_2, portal_sewer_entry_a, uniq_grinder
D:7:      chequers_temple_overflow_minitemple, minmay_temple_entry_butterflies,
          uniq_menkaure, uniq_duvessa
D:8:      uniq_gastronok
D:9:      serial_shops, shop_fountains, uniq_psyche, uniq_erolcha
D:11:     erik_lair_orcish_takeover, kennysheep_orc_monster_closet_entryway
D:13:     basic_altar, serial_shops,
          nicolae_shop_temple_entry_statues_fountains, shop, enter_trove_1
D:14:     grunt_vaults_entry_tiered, kennysheep_minor_cross
D:15:     grunt_enter_depths_giant_problem, lemuel_statue_altar, feat_on_display
Temple:   regret_index_temple_sphere_string
Lair:2:   statuecave_lemuel
Lair:3:   nicolae_swamp_entry_splash_gauntlet, grunt_megastairs_2,
          serial_bayou_shore_b, serial_bayou_shore_a
Lair:4:   hangedman_what_comes_after_a, nicolae_spider_entry_orb_guardian,
          lemuel_fruit_fields, lemuel_fruit_fields
Lair:5:   lab_entry_generic, grunt_forest_large_clearing_hut
Lair:6:   guppyfry_lair_end_dragon, hangedman_lair_tendril_chambers,
          nicolae_slime_entry_slimehenge
Swamp:1:  evilmike_swamp_ruin_house_6, infiniplex_staircase_pool
Swamp:2:  hangedman_swamp_blocks, uniq_kirke
Swamp:3:  hangedman_swamp_diagram, swamp_pool5
Swamp:4:  swamp_old_school, swamp_pool3, uniq_jorgrun
Spider:1: spider_trap
Sewer:    sewer_kobolds

Skill      XL: |  1  2  3  4  5  6  7  8  9 10 11 12 13 14 15 16 17 |
---------------+----------------------------------------------------+-----
Polearms       | 2 3 4 5 7 8 10 11 12 13 14 15 16 | 16.1
Fighting       | 4 5 6 7 8 10 11 12 13 14 15 | 15.6
Armour         | 4 5 6 7 8 9 10 11 12 13 14 15 | 15.5
Shields        | 4 5 6 7 8 9 11 12 13 14 15 | 15.6
Invocations    | 5 7 |  7.7

Action                   |  1- 3 |  4- 6 |  7- 9 | 10-12 | 13-15 | 16-18 || total
-------------------------+-------+-------+-------+-------+-------+-------++-------
Melee: Trident           |    72 |   316 |   766 |   866 |  1311 |       ||  3331
       Trishula          |       |       |       |       |   228 |  1060 ||  1288
Throw: Javelin           |       |       |       |     6 |     7 |       ||    13
Invok: Divine Shield     |       |       |       |     2 |     1 |     1 ||     4
       Brand Weapon With |       |       |       |       |     1 |       ||     1
Evoke: Wand              |       |       |     4 |       |     4 |     4 ||    12
  Use: Potion            |       |     4 |     2 |     2 |     4 |    14 ||    26
       Scroll            |       |       |       |    11 |    23 |     8 ||    42
 Stab: Confused          |       |       |     2 |       |       |       ||     2
  Eat: Chunk             |       |     4 |    14 |    17 |    18 |     3 ||    56
       Fruit             |       |       |       |       |    10 |    11 ||    21
       Meat ration       |       |       |       |       |     1 |     2 ||     3
Armor: Scale mail        |    20 |       |       |       |       |       ||    20
       Ring mail         |    15 |   176 |   283 |   269 |   379 |   536 ||  1658
       Skin              |       |       |       |       |       |     6 ||     6
Dodge: Dodged            |    22 |    86 |   170 |   146 |   183 |   211 ||   818
Block: Shield            |    35 |   143 |   297 |   164 |       |       ||   639
       Large shield      |       |       |       |   258 |  1113 |   878 ||  2249
